 Dungeon Crawl Stone Soup version 0.20.1-1-g8b1a95d (webtiles) character file.

4865 recordrepeat the Cleaver (level 10, -2/88 HPs)
             Began as a Hill Orc Fighter on Dec 4, 2017.
             Slain by a harpy (shapeshifter) (5 damage)
             ... on level 8 of the Dungeon.
             The game lasted 00:24:14 (8101 turns).

recordrepeat the Cleaver (Hill Orc Fighter)         Turns: 8101, Time: 00:24:14

Health: -2/88      AC: 14    Str: 20 (23) XL:     10   Next: 50%
Magic:  10/10      EV:  7    Int:  5 (8)  God:
Gold:   488        SH: 13    Dex:  9 (10) Spells: 9/9 levels left

rFire    . . .     SeeInvis +   a - +0 war axe
rCold    . . .     Gourm    .   L - +2 shield
rNeg     . . .     Faith    .   D - +0 chain mail (curse)
rPois    .         Spirit   .   M - +1 helmet
rElec    .         Reflect  .   (no cloak)
rCorr    .         Harm     .   y - +0 pair of gloves
MR       .....                  (no boots)
Stlth    ..........             C - amulet of magic regeneration
Regen    0.3/turn               l - ring of see invisible
MPRegen  0.2/turn               (no ring)

@: no status effects
A: no striking features
a: no special abilities


You were on level 8 of the Dungeon.
You were not hungry.

You visited 1 branch of the dungeon, and saw 8 of its levels.

You collected 488 gold pieces.

Inventory:

Hand Weapons
 a - a +0 war axe (weapon)
Armour
 c - a +0 shield
 y - a +0 pair of gloves (worn)
 D - a cursed +0 chain mail (worn)
 L - a +2 shield (worn)
 M - a +1 helmet (worn)
Jewellery
 l - a ring of see invisible (left hand)
 n - an uncursed amulet of faith
 C - an amulet of magic regeneration (around neck)
 P - a cursed -2 ring of dexterity {unknown}
Wands
 j - a wand of random effects (27/48)
 I - a wand of polymorph (4/24)
 K - a wand of flame (15/48)
Scrolls
 b - a scroll of random uselessness {unknown}
 e - a scroll of enchant weapon {unknown}
 f - 8 scrolls of identify {unknown}
 h - 6 scrolls of teleportation {unknown}
 i - 2 scrolls of magic mapping {unknown}
 m - 8 scrolls of remove curse {unknown}
 o - 8 scrolls of fog {unknown}
 r - a scroll of recharging {unknown}
 u - 2 scrolls of immolation {unknown}
 w - 2 scrolls of enchant armour {unknown}
 E - a scroll of holy word {unknown}
 H - a scroll of noise {unknown}
 J - a scroll of summoning {unknown}
 O - a scroll of blinking {unknown}
Potions
 d - 3 potions of might
 k - 2 potions of heal wounds {unknown}
 s - a potion of mutation {unknown}
 t - a potion of invisibility {unknown}
 z - a potion of agility
 A - 2 potions of haste
 B - 2 potions of lignification
 F - a potion of flight {unknown}
 G - a potion of degeneration
 Q - a potion of berserk rage {unknown}
Comestibles
 g - 7 royal jellies
 p - 5 meat rations
 q - 5 fruits
 x - 3 bread rations
 N - a chunk of flesh


   Skills:
 + Level 7.9 Fighting
 + Level 12.0 Axes
 + Level 7.9 Armour
 + Level 2.6 Dodging
 + Level 0.3 Stealth
 + Level 8.7 Shields


You had 9 spell levels left.
You didn't know any spells.

Dungeon Overview and Level Annotations

Branches:
Dungeon (8/15)             Temple (0/1) D:4
   Lair: D:8-11

Altars:
Cheibriados
Elyvilon
Fedhas
Kikubaaqudgha
Makhleb
Nemelex Xobeh
Ru
Trog
Vehumet
Yredelemnul
The Shining One

Annotations:
D:8 Grum


Message History

You feel your dexterity returning.
Grum hits you from afar with a spear of venom!
* * * LOW HITPOINT WARNING * * *
You are poisoned.
* * * LOW HITPOINT WARNING * * *
You feel sick. The harpy claws you.
* * * LOW HITPOINT WARNING * * *
You block the harpy's attack. x2; The harpy claws you but does no damage.
* * * LOW HITPOINT WARNING * * *
You feel sick.
Grum points his finger and shouts, "Sparky!
Sic 'em!"
You feel better. The harpy claws you but does no damage.
The harpy closely misses you. The harpy claws you!
* * * LOW HITPOINT WARNING * * *
The harpy claws you.
* * * LOW HITPOINT WARNING * * *
You block Grum's attack. You block the harpy's attack. x2
You block the harpy's attack. The harpy claws you.
You die...

#..........
####....#####.
#......[##....
######.##.......##.
#...##.##....#####.
#..............)...
#...##.##....######
##.###.##....# #@#
#.......# #H#
#####.### #.# #+
#g# # #!# #. #o# ##
..# ### .... +...
...## ####


You could see Grum, a harpy and an orc warrior.

Vanquished Creatures
  The ghost of kinenseiburu the Carver, a novice HOMo of Beogh (D:7)
  Pikel (D:8)
  Joseph (D:7)
  A hippogriff (D:7)
  A wyvern (D:8)
  Duvessa (D:7)
  3 sky beasts
  An ice beast (D:8)
  2 phantoms
  2 wolves (D:8)
  3 ogres
  2 centaurs
  A big kobold (D:7)
  A bullfrog (D:6)
  2 wyvern skeletons
  Dowan (D:7)
  3 scorpions
  9 killer bees
  A howler monkey (D:6)
  A centaur zombie (D:5)
  4 crimson imps
  A bullfrog zombie (D:8)
  A centaur skeleton (D:8)
  A gnoll shaman (D:6)
  3 hounds
  2 orc wizards
  Jessica (D:3)
  3 iguanas
  8 worker ants
  A killer bee zombie (D:7)
  A howler monkey zombie (D:5)
  12 gnolls
  12 adders
  2 shadow imps
  An ooze (D:2)
  4 worms
  3 adder skeletons
  A dart slug (D:2)
  4 leopard geckos
  25 orcs
  3 ball pythons
  5 giant cockroaches
  2 gnoll zombies (D:6)
  4 goblins
  3 hobgoblins
  7 jackals
  10 kobolds
  7 quokkas
  2 bats
  5 frilled lizards
  A giant cockroach zombie (D:6)
  7 rats
184 creatures vanquished.

Vanquished Creatures (others)
  A slave (D:8)
1 creature vanquished.

Grand Total: 185 creatures vanquished

Notes
Turn   | Place    | Note
-------+----------+-------------------------------------------
     0 | D:1      | recordrepeat the Hill Orc Fighter began the quest for the Orb.
     0 | D:1      | Reached XP level 1. HP: 19/19 MP: 1/1
   318 | D:1      | Reached XP level 2. HP: 27/27 MP: 2/2
   836 | D:2      | Reached skill level 3 in Axes
   981 | D:2      | Reached XP level 3. HP: 24/33 MP: 3/3
  1033 | D:2      | Reached XP level 4. HP: 5/40 MP: 4/4
  1461 | D:2      | Found a sacrificial altar of Ru.
  1542 | D:2      | Reached skill level 4 in Axes
  1860 | D:2      | Reached XP level 5. HP: 47/47 MP: 5/5
  2236 | D:3      | Noticed Jessica
  2241 | D:3      | Found a radiant altar of Vehumet.
  2267 | D:3      | Killed Jessica
  2494 | D:3      | Reached skill level 5 in Axes
  2791 | D:3      | Reached skill level 1 in Dodging
  2849 | D:4      | Found a white marble altar of Elyvilon.
  2897 | D:4      | Reached XP level 6. HP: 41/53 MP: 6/6
  2976 | D:4      | Found an ancient bone altar of Kikubaaqudgha.
  3077 | D:5      | Entered Level 5 of the Dungeon
  3077 | D:5      | Found a sacrificial altar of Ru.
  3320 | D:5      | Reached skill level 6 in Axes
  3406 | D:5      | Noticed a sky beast
  3426 | D:5      | Killed a sky beast
  3426 | D:5      | Reached XP level 7. HP: 7/60 MP: 7/7
  3496 | D:5      | Reached skill level 5 in Armour
  3503 | D:5      | Reached skill level 5 in Fighting
  3503 | D:5      | Reached skill level 7 in Axes
  4057 | D:4      | Found a sparkling altar of Nemelex Xobeh.
  4057 | D:4      | Found a bloodstained altar of Trog.
  4057 | D:4      | Found a blossoming altar of Fedhas.
  4176 | D:4      | Found a staircase to the Ecumenical Temple.
  4622 | D:4      | Reached skill level 8 in Axes
  4622 | D:4      | Reached skill level 5 in Shields
  4622 | D:4      | Reached XP level 8. HP: 54/68 MP: 8/8
  5294 | D:6      | Reached skill level 9 in Axes
  5553 | D:6      | Found a burning altar of Makhleb.
  5663 | D:6      | Found a glowing golden altar of the Shining One.
  5745 | D:6      | Found a basalt altar of Yredelemnul.
  5919 | D:7      | Noticed Duvessa
  5920 | D:7      | Noticed Dowan
  5926 | D:7      | Killed Duvessa
  5929 | D:7      | Killed Dowan
  5929 | D:7      | Reached XP level 9. HP: 70/75 MP: 9/9
  6054 | D:7      | Noticed Joseph
  6087 | D:7      | HP: 2/75 [Joseph/uncursed quarterstaff (4)]
  6089 | D:7      | Killed Joseph
  6089 | D:7      | Reached skill level 10 in Axes
  6468 | D:7      | Noticed kinenseiburu's ghost (novice HOMo)
  6511 | D:7      | Killed kinenseiburu's ghost
  6583 | D:7      | Found a snail-covered altar of Cheibriados.
  6862 | D:7      | Reached skill level 11 in Axes
  7117 | D:8      | Reached XP level 10. HP: 56/86 MP: 10/10
  7121 | D:8      | Noticed Pikel
  7141 | D:8      | Killed Pikel
  8074 | D:8      | Reached skill level 12 in Axes
  8079 | D:8      | Noticed Grum
  8081 | D:8      | Noticed a harpy
  8099 | D:8      | HP: 3/88 [harpy (shapeshifter) (3)]
  8101 | D:8      | Slain by a harpy (shapeshifter)

Skill      XL: |  1  2  3  4  5  6  7  8  9 10 |
---------------+-------------------------------+-----
Axes           | 3 4 5 6 8 9 11 12 | 12.0
Fighting       | 4 5 6 7 |  7.9
Armour         | 4 5 6 7 |  7.9
Shields        | 4 5 6 7 8 |  8.7
Dodging        | 1 2 |  2.6
Stealth        | |  0.3

Action                   |  1- 3 |  4- 6 |  7- 9 | 10-12 || total
-------------------------+-------+-------+-------+-------++-------
Melee: War axe           |    67 |   228 |   421 |   148 ||   864
  Use: Potion            |     2 |       |       |     5 ||     7
  Eat: Bread ration      |       |     1 |       |     1 ||     2
       Chunk             |       |     4 |    11 |     2 ||    17
Armor: Scale mail        |    33 |    97 |    11 |       ||   141
       Skin              |    22 |       |       |       ||    22
       Chain mail        |       |       |   146 |    53 ||   199
Dodge: Dodged            |    36 |    81 |    78 |    33 ||   228
Block: Shield            |    56 |   118 |   224 |   102 ||   500
